 Dungeon Crawl Stone Soup version 0.30.1-4-g462c640d31 (webtiles) character file.

Game seed: 9087020519347022666

1861417 Joey1 the Conqueror (level 26, 266/266 HPs)
             Began as a Minotaur Fighter on Aug 21, 2023.
             Was the Champion of Cheibriados.
             Escaped with the Orb
             ... and 3 runes on Aug 23, 2023!
             The game lasted 03:49:22 (56793 turns).

Joey1 the Conqueror (Minotaur Fighter)             Turns: 56793, Time: 03:49:23

Health: 266/266    AC: 28    Str: 46    XL:     26   Next: 76%
Magic:  32/32      EV: 36    Int: 17    God:    Cheibriados [******]
Gold:   6961       SH: 37    Dex: 39    Spells: 25/25 levels left

rFire   + . .        o - +7 broad axe "Daugreal" {flame, rF+}
rCold   + . .        z - +8 tower shield {rN+}
rNeg    + + +        u - +2 plate armour {rF+}
rPois   +            R - +1 hat
rElec   +            n - scarf {rC+ rF+}
rCorr   .            i - +3 pair of gauntlets of War {Slay+5}
SInv    +            M - +2 pair of boots
Will    +++..        P - amulet of Wawomiot {rN++ Regen+ Int-3 Dex+4} Stlth
                     W - ring of Fech {rPois rC- Dex+8 Slay+4}
HPRegen 1.44/turn    a - ring "Okheim" {Ice rElec Will++ Slay-2 SInv}
MPRegen 0.23/turn

%: clarity
@: studying 2 skills, very slow
A: horns 2, retaliatory headbutt, clarity, low MP 1, heat vulnerability 1
0: Orb of Zot
}: 3/15 runes: serpentine, barnacled, silver
a: Renounce Religion, Bend Time, Temporal Distortion, Slouch, Step From Time


You escaped.
You worshipped Cheibriados.
Cheibriados was exalted by your worship.
You visited 10 branches of the dungeon, and saw 48 of its levels.
You visited 1 bazaar.
You also visited: Trove, Sewer, Ice Cave and Wizlab.

You collected 9030 gold pieces.
You spent 2069 gold pieces at shops.

Inventory:

Hand Weapons
 h - a +5 spectral broad axe
 o - the +7 broad axe "Daugreal" (weapon) {flame, rF+}
   (You found it on level 5 of the Vaults)

   rF:        It protects you from fire.
 D - the +9 whip of Ypish {heavy, Int+3 Stlth+}
   (You found it on level 1 of the Snake Pit)

   Int:       It affects your intelligence (+3).
   Stlth:     It makes you more stealthy.
 E - a +1 hand axe of holy wrath
 G - a +3 vampiric broad axe
Missiles
 p - 38 boomerangs (quivered)
 O - 6 throwing nets
Armour
 i - the +3 pair of gauntlets of War (worn) {Slay+5}
   (You found it in a treasure trove)

   Slay:      It affects your accuracy & damage with ranged weapons and melee
   (+5).
 n - a scarf of resistance (worn)
 q - the +5 Storm Queen's Shield {shock, Fly rElec}
   (You found it in a treasure trove)

   Shock:     When it blocks an attack, it may electrocute the attacker.
   This works even against foes who are a short distance away.
   rElec:     It insulates you from electricity.
   Fly:       It grants you flight.
 u - a +2 plate armour of fire resistance (worn)
 y - the +8 plate armour of the Devil's Team {rElec SInv}
   (You found it on level 3 of the Elven Halls)

   rElec:     It insulates you from electricity.
   SInv:      It lets you see invisible.
 z - a +8 tower shield of positive energy (worn)
 K - a +1 crystal plate armour
 M - a +2 pair of boots (worn)
 R - a +1 hat (worn)
Jewellery
 a - the ring "Okheim" (right hand) {Ice rElec Will++ Slay-2 SInv}
   (You found it on level 5 of the Lair of Beasts)

   [ring of ice]

   It enhances your ice magic.
   Slay:      It affects your accuracy & damage with ranged weapons and melee
   (-2).
   rF:        It makes you vulnerable to fire.
   rC:        It protects you from cold.
   rElec:     It insulates you from electricity.
   SInv:      It lets you see invisible.
   Will:      It greatly increases your willpower.
 s - a ring of flight
 v - an amulet of the acrobat
 L - an amulet of guardian spirit
 P - the amulet of Wawomiot (around neck) {rN++ Regen+ Int-3 Dex+4}
   (You bought it in a shop on level 1 of the Snake Pit)

   [amulet of regeneration]

   Int:       It affects your intelligence (-3).
   Dex:       It affects your dexterity (+4).
   rN:        It greatly protects you from negative energy.
   Regen:     It increases your rate of health regeneration.
 V - the ring of Division {rCorr Str+4 Int-3 Slay+5 Stlth+}
   (You took it off a frost giant on level 3 of the Depths)

   [ring of resist corrosion]

   Str:       It affects your strength (+4).
   Int:       It affects your intelligence (-3).
   Slay:      It affects your accuracy & damage with ranged weapons and melee
   (+5).
   rCorr:     It protects you from acid and corrosion.
   Stlth:     It makes you more stealthy.
 W - the ring of Fech (left hand) {rPois rC- Dex+8 Slay+4}
   (You acquired it on level 4 of the Depths)

   [ring of slaying]

   Dex:       It affects your dexterity (+8).
   Slay:      It affects your accuracy & damage with ranged weapons and melee
   (+4).
   rC:        It makes you vulnerable to cold.
   rPois:     It protects you from poison.
 Z - the ring "Adont" {Ice Fly rElec}
   (You bought it in a shop on level 2 of the Orcish Mines)

   [ring of ice]

   It enhances your ice magic.
   rF:        It makes you vulnerable to fire.
   rC:        It protects you from cold.
   rElec:     It insulates you from electricity.
   Fly:       It grants you flight.
Wands
 J - a wand of digging (35)
 Q - a wand of paralysis (47)
 S - a wand of iceblast (58)
Scrolls
 c - 2 scrolls of blinking
 e - 24 scrolls of teleportation
 j - 7 scrolls of enchant weapon
 k - 11 scrolls of fear
 r - 4 scrolls of magic mapping
 t - 5 scrolls of fog
 H - a scroll of silence
 X - 3 scrolls of summoning
 Y - 2 scrolls of enchant armour
Potions
 d - 10 potions of might
 f - 10 potions of attraction
 g - 13 potions of lignification
 l - 8 potions of curing
 m - 4 potions of heal wounds
 w - 5 potions of ambrosia
 x - 13 potions of mutation
 A - 2 potions of magic
 B - 4 potions of berserk rage
 C - 3 potions of resistance
 F - 6 potions of haste
 I - 3 potions of cancellation
 N - 2 potions of invisibility
Miscellaneous
 b - a phantom mirror
 T - a phial of floods
 U - a lightning rod (4/4)


   Skills:
 O Level 27 Fighting
 O Level 27 Axes
 - Level 15.0 Armour
 - Level 21.0 Dodging
 + Level 21.3 Shields
 - Level 20.0 Invocations
 - Level 17.0 Evocations


You had 25 spell levels left.
You didn't know any spells.
Your spell library contained the following spells:

 Spells                   Type           Power      Damage    Failure   Level
 Apportation              Tloc           0%         N/A       67%         1
 Freeze                   Ice            0%         1d3       67%         1
 Kiss of Death            Conj/Necr      0%         2d5       67%         1
 Magic Dart               Conj           0%         1d3       67%         1
 Necrotise                Necr           0%         1d4       67%         1
 Slow                     Hex            0%         N/A       67%         1
 Summon Small Mammal      Summ           0%         N/A       67%         1
 Blink                    Tloc           0%         N/A       80%         2
 Cigotuvi's Dreadful Rot  Necr/Pois/Air  0%         N/A       80%         2
 Ensorcelled Hibernation  Hex/Ice        0%         N/A       80%         2
 Lesser Beckoning         Tloc           0%         N/A       80%         2
 Momentum Strike          Conj/Tloc      0%         3d8       80%         2
 Passwall                 Tmut/Erth      0%         N/A       80%         2
 Scorch                   Fire           0%         2d5       80%         2
 Searing Ray              Conj           0%         2d4       80%         2
 Static Discharge         Conj/Air       0%         2-2/arc   80%         2
 Sublimation of Blood     Necr           0%         N/A       80%         2
 Wereblood                Tmut           0%         N/A       80%         2
 Confusing Touch          Hex            0%         N/A       95%         3
 Dazzling Flash           Conj/Hex       0%         N/A       95%         3
 Frozen Ramparts          Ice            0%         1d1       95%         3
 Gell's Gravitas          Tloc           0%         N/A       95%         3
 Hailstorm                Conj/Ice       0%         3d3       95%         3
 Inner Flame              Hex/Fire       0%         N/A       95%         3
 Mephitic Cloud           Conj/Pois/Air  0%         N/A       95%         3
 Ozocubu's Armour         Ice            0%         N/A       95%         3
 Portal Projectile        Hex/Tloc       0%         N/A       95%         3
 Spider Form              Tmut/Pois      0%         N/A       95%         3
 Stone Arrow              Conj/Erth      0%         3d7       95%         3
 Summon Guardian Golem    Hex/Summ       0%         N/A       95%         3
 Swiftness                Air            0%         N/A       95%         3
 Teleport Other           Tloc           0%         N/A       95%         3
 Tukima's Dance           Hex            0%         N/A       95%         3
 Vampiric Draining        Necr           0%         2d6       95%         3
 Vhi's Electric Charge    Tloc/Air       0%         N/A       95%         3
 Volatile Blastmotes      Fire/Tloc      0%         2d10      95%         3
 Airstrike                Air            0%         2d(0-16)  100%        4
 Anguish                  Hex/Necr       0%         N/A       100%        4
 Animate Armour           Summ/Erth      0%         N/A       100%        4
 Animate Dead             Necr           0%         N/A       100%        4
 Dispel Undead            Necr           0%         3d6       100%        4
 Fulminant Prism          Conj/Hex       0%         3d5       100%        4
 Ice Form                 Ice/Tmut       0%         N/A       100%        4
 Iskenderun's Mystic Bla  Conj/Tloc      0%         2d3       100%        4
 Leda's Liquefaction      Hex/Erth       0%         N/A       100%        4
 Passage of Golubria      Tloc           0%         N/A       100%        4
 Petrify                  Tmut/Erth      0%         N/A       100%        4
 Summon Ice Beast         Ice/Summ       0%         N/A       100%        4
 Summon Lightning Spire   Summ/Air       0%         N/A       100%        4
 Agony                    Necr           0%         N/A       100%        5
 Alistair's Intoxication  Tmut/Pois      0%         N/A       100%        5
 Arcjolt                  Conj/Air       0%         1d10      100%        5
 Blade Hands              Tmut           0%         N/A       100%        5
 Borgnjor's Vile Clutch   Necr/Erth      0%         N/A       100%        5
 Irradiate                Conj/Tmut      0%         3d11      100%        5
 Iskenderun's Battlesphe  Conj           0%         2d6       100%        5
 Lee's Rapid Deconstruct  Erth           0%         3d4*      100%        5
 Metabolic Englaciation   Hex/Ice        0%         N/A       100%        5
 Summon Forest            Summ/Tloc      0%         N/A       100%        5
 Summon Mana Viper        Hex/Summ       0%         N/A       100%        5
 Yara's Violent Unravell  Hex/Tmut       0%         3d3       100%        5
 Conjure Ball Lightning   Conj/Air       0%         3x3d6     100%        6
 Death Channel            Necr           0%         N/A       100%        6
 Eringya's Noxious Bog    Tmut/Pois      0%         N/A       100%        6
 Iron Shot                Conj/Erth      0%         9d1       100%        6
 Plasma Beam              Fire/Air       0%         2x1d11    100%        6
 Simulacrum               Ice/Necr       0%         N/A       100%        6
 Starburst                Conj/Fire      0%         6d3       100%        6
 Statue Form              Tmut/Erth      0%         N/A       100%        6
 Summon Cactus Giant      Summ           0%         N/A       100%        6
 Enfeeble                 Hex            0%         N/A       100%        7
 Haunt                    Necr/Summ      0%         N/A       100%        7
 Monstrous Menagerie      Summ           0%         N/A       100%        7
 Orb of Destruction       Conj           0%         9d5       100%        7
 Ozocubu's Refrigeration  Ice            0%         4d7       100%        7
 Spellforged Servitor     Conj/Summ      0%         N/A       100%        7
 Summon Hydra             Summ           0%         N/A       100%        7
 Discord                  Hex            0%         N/A       100%        8
 Disjunction              Tloc           0%         N/A       100%        8
 Infestation              Necr           0%         N/A       100%        8
 Lehudib's Crystal Spear  Conj/Erth      0%         10d2      100%        8
 Maxwell's Capacitive Co  Air            0%         ∞         100%        8
 Summon Horrible Things   Summ           0%         N/A       100%        8
 Death's Door             Necr           0%         N/A       100%        9
 Fire Storm               Conj/Fire      0%         5d1       100%        9
 Polar Vortex             Ice            0%         N/A       100%        9


Dungeon Overview and Level Annotations

Branches:
Dungeon (15/15)            Temple (1/1) D:6            Lair (5/5) D:10
 Shoals (4/4) Lair:2        Snake (4/4) Lair:3        Slime (0/5) Lair:4
    Orc (2/2) D:10            Elf (3/3) Orc:2        Vaults (5/5) D:14
  Crypt (0/3) Vaults:3     Depths (4/4) D:15            Zot (5/5) Depths:4
  Sewer (visited)           IceCv (visited)          WizLab (visited)

Altars:
Ashenzari
Cheibriados
Dithmenos
Elyvilon
Fedhas
Gozag
Hepliaklqana
Kikubaaqudgha
Makhleb
Nemelex Xobeh
Okawaru
Qazlal
Ru
Sif Muna
Trog
Uskayaw
Vehumet
Wu Jian
Xom
Yredelemnul
Zin
The Shining One
Lugonu

Shops:
D:6 *   D:10 (   Orc:1 *=   Orc:2 (![?=[==?   Shoals:1 *   Shoals:4 (
Snake:1 ==:   Snake:2 !   Vaults:2 (   Vaults:3 [

Portals:
Hell: Depths:1 Depths:2 Depths:3
Abyss: Depths:2 Depths:3
Pandemonium: Orc:2 Depths:2 Depths:3
Ziggurat: Depths:4

Annotations:
D:11 3 runed translucent doors
D:14 1 runed translucent door


Innate Abilities, Weirdness & Mutations

You have a pair of horns on your head.
You reflexively headbutt those who attack you in melee.
You possess an exceptional clarity of mind.
Your magical capacity is low. (-10% MP)
You are vulnerable to heat. (rF-)


Message History

The profane servitor hits you with a +1 demon whip of electrocution!!
You block the profane servitor's attack.
You miss the profane servitor.
The profane servitor completely misses you.
You furiously retaliate!
You headbutt the profane servitor!!
The profane servitor hits you with a +1 demon whip of electrocution.
You chop the profane servitor into pieces!!!
You burn the profane servitor!
Your headbutt misses the profane servitor.
The profane servitor is severely damaged.
You block the profane servitor's attack. x2
You closely miss the profane servitor.
The profane servitor is severely damaged.
You block the profane servitor's attack. x2
You slice the profane servitor!! You burn the profane servitor!
The profane servitor is severely damaged.
You block the profane servitor's attack. x2
You hit the profane servitor. You burn the profane servitor.
The profane servitor is almost destroyed.
You block the profane servitor's attack.
The profane servitor barely misses you.
You miss the profane servitor. You headbutt the profane servitor!!
The profane servitor is almost destroyed.
You block the profane servitor's attack. x2
Press: ? - help, v - describe, . - travel The floor.
This square is wreathed by an umbra and is covered in magical glow.
You miss the profane servitor. You headbutt the profane servitor.
The profane servitor is almost destroyed.
You block the profane servitor's attack. x2
You slice the profane servitor!! You burn the profane servitor.
You destroy the profane servitor!
Cheibriados appreciates the change of pace.
You see here a +1 demon whip of electrocution.
Things that are here:
a stone; a +0 whip
There is an open door here.
There is a staircase leading out of the dungeon here.
You can't go down here!
You have escaped!

#.# #)## ...###
##...###
###...##
###..###########
##.#.........#
#.#...###...#
#.'...#.#.@.#
###...###...#
#.........#
###########


There were no monsters in sight!

Vanquished Creatures
  A seraph (Zot:1)
  5 dread liches (Zot:5)
  2 ancient liches (Zot:5)
  4 orbs of fire
  Mara (Vaults:4)
  2 pandemonium lords (Zot:1)
  Sojobo (Vaults:5)
  Bai Suzhen (Vaults:2)
  Boris (thrice) (Depths:4 Zot:1)
  5 Killer Klowns
  7 curse toes
  A profane servitor (D:1)
  10 golden dragons
  Nikola (Snake:2)
  4 Tzitzimimeh
  2 doom hounds (Zot:2)
  A bone dragon (Zot:2)
  2 Brimstone Fiends (Zot:1)
  5 electric golems
  A hellephant (Zot:1)
  3 liches
  Zenata (Vaults:2)
  13 tentacled monstrosities
  Mlioglotl (Shoals:1)
  Grunn (Zot:2)
  2 Ice Fiends
  28 Orb Guardians
  2 Hell Sentinels
  Jorgrun (Orc:2)
  The ghost of Zoodd the Executioner, an adept FoFi of Cheibriados (Depths:3)
  A walking crystal tome (Depths:3)
  6 quicksilver dragons
  4 deep elf blademasters
  4 titans
  2 walking divine tomes (Depths:3)
  Polyphemus (Shoals:3)
  A deep elf master archer (Elf:3)
  13 death cobs
  5 sphinxes
  Gastronok (D:9)
  2 Executioners
  Frances (Shoals:1)
  Donald (Shoals:3)
  12 tengu reavers
  A draconian monk (Zot:5)
  2 daevas (Zot:1)
  10 storm dragons
  Kirke (Lair:4)
  A draconian knight (Zot:3)
  A nagaraja (Snake:2)
  13 shadow dragons
  9 fire giants
  10 deep elf sorcerers
  2 draconian stormcallers
  4 iron dragons
  Aizul (Snake:1)
  12 frost giants
  19 vault wardens
  4 balrugs
  A draconian annihilator (Zot:2)
  An angel (Zot:1)
  3 draconian scorchers
  4 draconian shifters
  10 deep elf elementalists
  5 ghost moths
  A cacodemon (Depths:1)
  23 ironbound preservers
  2 orc warlords
  5 war gargoyles
  3 spriggan defenders (Depths:3)
  12 very ugly things
  6 green draconians
  12 stone giants
  4 deep elf demonologists
  A vampire knight (Vaults:3)
  10 ironbound thunderhulks
  6 white draconians
  2 putrid mouths (Zot:2)
  9 dire elephants
  6 yellow draconians
  5 black draconians
  11 spark wasps
  6 purple draconians
  5 red draconians
  An orange crystal statue (WizLab)
  8 deep elf annihilators (Elf:3)
  The ghost of Ejotwaer the Cleaver, a journeyman MiFi of the Shining One (D:14)
  3 lorocyprocas
  A merfolk javelineer (Shoals:4)
  A green death (Depths:3)
  4 blizzard demons
  3 deep elf death magi
  8 ettins
  An ettin (shapeshifter) (Depths:4)
  2 entropy weavers
  7 fire dragons
  5 deep elf high priests
  7 merfolk impalers
  6 yaktaur captains
  7 salamander tyrants
  6 great orbs of eyes
  8 ice dragons
  2 ogre magi
  3 hydras
  A catoblepas (Shoals:3)
  35 vault guards
  3 peacekeepers
  A rakshasa (Depths:1)
  13 ironbound frosthearts
  A death knight (D:14)
  4 merfolk avatars
  A demonspawn (Orc:2)
  4 alligator snapping turtles
  A hell beast (D:13)
  14 anacondas
  4 spriggan air magi
  9 centaur warriors
  37 dancing weapons
  6 deep troll shamans
  A juggernaut simulacrum (Depths:3)
  A tengu warrior (Depths:4)
  4 boulder beetles
  6 two-headed ogres
  9 death yaks
  5 naga warriors (Snake:4)
  2 vampire magi (Vaults:3)
  Urug (D:11)
  5 deep troll earth magi
  9 hell hogs
  2 merfolk aquamancers
  3 orc high priests
  19 naga sharpshooters
  13 sun demons
  5 spriggan berserkers
  14 deep elf knights
  7 shock serpents
  Nergalle (Lair:2)
  2 hell knights (Depths:4)
  A large abomination (Zot:1)
  9 salamander mystics
  5 skysharks
  6 iron trolls
  A skeletal warrior (Vaults:3)
  52 deep trolls
  A sixfirhy (Zot:1)
  A cherub (Zot:1)
  A fire crab (Lair:5)
  A spark wasp zombie (Depths:1)
  15 sea snakes
  5 naga ritualists
  6 spriggan druids (Depths:3)
  3 glowing orange brains
  11 wizards
  2 shadow demons (Depths:1)
  10 deep elf archers
  9 phantasmal warriors
  2 necromancers
  6 harpies (Shoals:1)
  An obsidian statue (D:11)
  23 deep elf zephyrmancers
  19 ironbound convokers
  9 orc knights
  A wolf spider (shapeshifter) (D:12)
  17 lindwurms
  27 ugly things
  14 mana vipers
  20 deep elf pyromancers
  10 fauns
  A wolf spider (D:12)
  13 orc sorcerers
  21 moths of wrath
  A salamander (shapeshifter) (Vaults:5)
  20 manticores
  24 salamanders
  8 guardian serpents
  9 cyclopes
  29 slime creatures
  10 apocalypse crabs (Zot:2)
  8 merfolk sirens
  6 water nymphs
  7 elephants
  14 vault sentinels
  41 black mambas
  14 naga magi
  2 rust devils
  An ice statue (IceCv)
  A molten gargoyle (Depths:1)
  A titan simulacrum (Depths:3)
  9 cane toads
  7 smoke demons
  2 gargoyles (D:11)
  An orange demon (Depths:1)
  2 kobold demonologists
  7 unseen horrors
  2 torpor snails
  6 komodo dragons
  A rime drake (Lair:2)
  29 yaktaurs
  3 freezing wraiths
  4 ice devils
  A golden dragon simulacrum (Depths:3)
  2 tengu conjurers (Depths:1)
  2 red devils
  2 tormentors
  6 trolls
  3 hellwings
  A merfolk (shapeshifter) (Vaults:4)
  A tengu simulacrum (Depths:3)
  23 merfolk
  8 hornets
  12 polar bears
  9 wind drakes
  Prince Ribbit (D:5)
  11 blink frogs
  A fire giant simulacrum (Depths:3)
  6 snapping turtles
  30 dream sheep
  A frost giant simulacrum (Depths:3)
  4 centaur simulacra
  A culicivora (shapeshifter) (Vaults:5)
  3 air elementals
  83 yaks
  3 shadows (D:10)
  3 wyverns
  2 vampires (D:14)
  A ynoxinul (Depths:3)
  13 water elementals
  A spriggan skeleton (Depths:1)
  2 fire elementals (Elf:1)
  7 wraiths
  31 spriggans
  16 humans (D:14)
  3 hogs (Lair:5)
  5 neqoxecs
  Eustachio (D:6)
  7 vampire mosquitoes
  4 basilisks
  3 redbacks (Vaults:5)
  Menkaure (D:6)
  A chaos spawn (Depths:2)
  A swamp worm (shapeshifter) (Vaults:5)
  A steam dragon (D:8)
  9 wargs
  A glowing shapeshifter zombie (Depths:1)
  34 nagas
  18 water moccasins
  4 acid dragons
  3 floating eyes (shapeshifter)
  3 ice beasts
  Duvessa (D:6)
  10 black bears
  40 orc warriors
  A tengu (shapeshifter) (Elf:3)
  35 wolves
  5 boggarts
  14 ogres
  21 centaurs
  7 kobold brigands
  Blork the orc (D:4)
  8 earth elementals
  17 bullfrogs
  2 scorpions
  2 glowing shapeshifter simulacra (Depths:3)
  Dowan (D:6)
  A troll zombie (D:10)
  4 electric eels
  2 howler monkeys (D:7)
  A quasit (Zot:1)
  5 hounds
  30 orc priests
  4 jellies
  An iron imp (D:9)
  A sleepcap (D:4)
  3 iguanas
  36 orc wizards
  4 hell rats (Lair:3)
  5 ogre zombies (D:10)
  A mummy (D:6)
  9 adders
  2 white imps
  5 worms
  3 dart slugs
  95 orcs
  12 ball pythons
  9 endoplasms
  13 giant cockroaches
  9 goblins
  7 hobgoblins
  5 jackals
  28 kobolds
  2 quokkas
  3 bats
  12 frilled lizards
  2 goblin zombies (D:10)
  2 hobgoblin skeletons (D:10)
  3 hobgoblin zombies
  A kobold zombie (D:6)
  2 orc skeletons (D:10)
  13 orc zombies
  8 rats
  2 spectral weapons
  3 starspawn tentacles (Shoals:1)
2230 creatures vanquished.

Vanquished Creatures (others)
  A deep elf high priest (Elf:1)
  A moth of wrath (Zot:1)
  A naga mage (Snake:3)
  A polar bear (IceCv)
  An air elemental (Elf:1)
  An orc wizard (Elf:1)
  34 spectral weapons
  2 starspawn tentacles (Shoals:1)
42 creatures vanquished.

Grand Total: 2272 creatures vanquished

Notes
Turn   | Place    | Note
-------+----------+-------------------------------------------
     0 | D:1      | Joey1 the Minotaur Fighter began the quest for the Orb.
     0 | D:1      | Reached XP level 1. HP: 19/19 MP: 0/0
    64 | D:1      | Reached XP level 2. HP: 27/27 MP: 1/1
   365 | D:1      | Reached skill level 1 in Dodging
   529 | D:1      | Reached XP level 3. HP: 33/33 MP: 2/2
  1552 | D:3      | Reached XP level 4. HP: 32/40 MP: 3/3
  1815 | D:3      | Reached skill level 5 in Axes
  1815 | D:3      | Reached XP level 5. HP: 45/46 MP: 4/4
  1946 | D:3      | Found a faded altar of an unknown god.
  2056 | D:4      | Noticed an ogre
  2067 | D:4      | Killed an ogre
  2068 | D:4      | Reached skill level 5 in Fighting
  2080 | D:4      | Found a glowing drain.
  2111 | Sewer    | Entered a sewer
  2162 | Sewer    | Reached XP level 6. HP: 57/57 MP: 5/5
  2392 | Sewer    | Identified the +4 sling "Doladute" {speed, Dex+3}
  2569 | D:4      | Noticed an ice beast
  2578 | D:4      | Killed an ice beast
  2639 | D:4      | Reached XP level 7. HP: 48/63 MP: 6/6
  2695 | D:4      | Noticed Blork the orc
  2704 | D:4      | Killed Blork the orc
  3242 | D:5      | Entered Level 5 of the Dungeon
  3338 | D:5      | Noticed Prince Ribbit
  3370 | D:5      | Killed Prince Ribbit
  3371 | D:5      | Reached XP level 8. HP: 74/74 MP: 7/7
  3544 | D:5      | Found a shadowy altar of Dithmenos.
  3544 | D:5      | Found a shimmering blue altar of Sif Muna.
  3545 | D:5      | Found a glowing silver altar of Zin.
  3567 | D:5      | Found a burning altar of Makhleb.
  3953 | D:6      | Found a staircase to the Ecumenical Temple.
  4199 | D:6      | Found a radiant altar of Vehumet.
  4324 | D:6      | Noticed Menkaure
  4329 | D:6      | Killed Menkaure
  4330 | D:6      | Reached skill level 10 in Axes
  4398 | D:6      | Noticed Eustachio
  4405 | D:6      | Killed Eustachio
  4425 | D:6      | Noticed Dowan
  4431 | D:6      | Noticed Duvessa
  4433 | D:6      | Killed Dowan
  4442 | D:6      | Killed Duvessa
  4443 | D:6      | Reached skill level 10 in Fighting
  4467 | D:6      | Reached XP level 9. HP: 48/85 MP: 8/8
  4792 | D:6      | Found a sparkling altar of Nemelex Xobeh.
  4972 | D:6      | Found Vuuciriu's Assorted Antiques.
  5053 | D:6      | Found a shimmering altar of Xom.
  5090 | Temple   | Entered the Ecumenical Temple
  6600 | D:8      | Found a sacrificial altar of Ru.
  6888 | D:8      | Reached XP level 10. HP: 57/95 MP: 9/9
  7018 | D:8      | Found Pibuv's Assorted Antiques.
  7073 | D:8      | Found a hide-covered altar of Uskayaw.
  8038 | D:9      | Found a snail-covered altar of Cheibriados.
  8048 | D:9      | Became a worshipper of Cheibriados the Contemplative
  8117 | D:9      | Noticed Gastronok
  8145 | D:10     | Entered Level 10 of the Dungeon
  8442 | D:9      | Killed Gastronok
  9124 | D:9      | Reached * piety under Cheibriados
  9327 | D:9      | Reached XP level 11. HP: 82/110 MP: 10/10
  9645 | D:9      | Found an iron altar of Okawaru.
 10104 | D:10     | Found a staircase to the Orcish Mines.
 10110 | D:10     | Reached skill level 15 in Axes
 10343 | D:10     | Found Ogaifis's Weapon Emporium.
 10427 | D:10     | Reached ** piety under Cheibriados
 10499 | D:10     | Found an opulent altar of Gozag.
 10509 | D:10     | Found a stormy altar of Qazlal.
 10531 | D:10     | Found a portal to a secret trove of treasure.
 10732 | D:10     | Found a staircase to the Lair.
 11049 | Lair:1   | Entered Level 1 of the Lair of Beasts
 11993 | Lair:1   | Reached skill level 5 in Armour
 11993 | Lair:1   | Reached skill level 5 in Shields
 12407 | Lair:2   | Reached *** piety under Cheibriados
 12466 | Lair:2   | Noticed Nergalle
 12496 | Lair:2   | Killed Nergalle
 12766 | Lair:2   | Reached skill level 15 in Fighting
 12977 | Lair:2   | Reached XP level 12. HP: 118/121 MP: 11/11
 13228 | Lair:2   | Identified the +1 leather armour of the Clam {rPois}
 13363 | Lair:2   | Noticed a death yak
 13376 | Lair:2   | Killed a death yak
 13660 | Lair:2   | Found a staircase to the Shoals.
 14137 | Lair:3   | Reached **** piety under Cheibriados
 14542 | Lair:3   | Found a staircase to the Snake Pit.
 14783 | Lair:3   | Identified the +2 ring mail "Lonib" {rN++ Int-4}
 14866 | Lair:3   | Reached ***** piety under Cheibriados
 14972 | Lair:3   | Noticed a boulder beetle
 15359 | Lair:3   | Killed a boulder beetle
 16016 | Lair:4   | Noticed a death yak
 16016 | Lair:4   | Noticed a death yak
 16084 | Lair:3   | Killed a death yak
 16085 | Lair:3   | Reached XP level 13. HP: 86/137 MP: 12/12
 16225 | Lair:4   | Reached skill level 1 in Invocations
 16225 | Lair:4   | Reached skill level 1 in Evocations
 16731 | Lair:4   | Found a staircase to the Slime Pits.
 17369 | Lair:5   | Entered Level 5 of the Lair of Beasts
 17369 | Lair:5   | Noticed Kirke
 17685 | Orc:1    | Entered Level 1 of the Orcish Mines
 17905 | Orc:1    | Reached ****** piety under Cheibriados
 18036 | Orc:1    | Found Buonas's Assorted Antiques.
 18084 | Orc:1    | Found Byskix's Jewellery Shoppe.
 18298 | Orc:1    | Paralysed by an orc sorcerer for 4 turns
 18305 | Orc:1    | Reached skill level 5 in Invocations
 18526 | Orc:2    | Entered Level 2 of the Orcish Mines
 18656 | Orc:2    | Found Riqaduly's Jewellery Shoppe.
 18840 | Orc:2    | Found Ickegg's Magic Scroll Shoppe.
 18853 | Orc:2    | Bought a scroll of identify for 36 gold pieces
 18853 | Orc:2    | Bought a scroll of identify for 36 gold pieces
 18853 | Orc:2    | Bought a scroll of identify for 36 gold pieces
 18853 | Orc:2    | Bought a scroll of identify for 36 gold pieces
 18905 | Orc:2    | Found Dynwipp's Antique Armour Shop.
 18911 | Orc:2    | Found a staircase to the Elven Halls.
 19027 | Orc:2    | Found a transporter.
 19037 | Orc:2    | Found Eri Miseb's Jewellery Shop.
 19039 | Orc:2    | Found a transporter.
 19254 | Orc:2    | Reached skill level 5 in Evocations
 19410 | Orc:2    | Found Xodemuorame's Magic Scroll Shoppe.
 19587 | Orc:2    | Found Suex Ite's Distillery.
 19963 | Orc:2    | Reached XP level 14. HP: 96/148 MP: 17/17
 20370 | Orc:2    | Found Mulucorph's Jewellery Boutique.
 20370 | Orc:2    | Found Iduffad's Antique Armour Shop.
 20370 | Orc:2    | Found a one-way gate leading to the halls of Pandemonium.
 20372 | Orc:2    | Paralysed by an orc sorcerer for 3 turns
 20514 | Orc:2    | Found Guiquob's Antique Weapon Emporium.
 20586 | Orc:2    | Noticed Jorgrun
 20597 | Orc:2    | Killed Jorgrun
 20961 | Elf:1    | Entered Level 1 of the Elven Halls
 21001 | Orc:2    | Bought the ring "Adont" {Ice Fly rElec} for 698 gold pieces
 21138 | Lair:4   | Killed Kirke
 21764 | Lair:5   | Identified the ring "Okheim" {Ice rElec Will++ Slay-2 SInv}
 22109 | Lair:5   | Reached skill level 5 in Dodging
 22951 | Snake:1  | Entered Level 1 of the Snake Pit
 23015 | Snake:1  | Noticed Aizul
 23339 | Snake:1  | Killed Aizul
 23649 | Snake:1  | Identified the +9 whip of Ypish {heavy, Int+3 Stlth+}
 23697 | Snake:1  | Found Okuskemo's Jewellery Emporium.
 23700 | Snake:1  | Found Filireg's Book Boutique.
 23701 | Snake:1  | Found Woruxkusk's Jewellery Emporium.
 23760 | Snake:1  | Bought the amulet of Wawomiot {rN++ Regen+ Int-3 Dex+4} for
                  | 644 gold pieces
 23935 | Snake:1  | Reached XP level 15. HP: 155/155 MP: 20/20
 24342 | Snake:2  | Noticed a nagaraja
 24354 | Snake:2  | Killed a nagaraja
 24363 | Snake:2  | Reached skill level 10 in Shields
 24873 | Snake:2  | Identified the +5 long sword of Geeg Rokk {holy, Int+5
                  | Dex+4 SInv}
 24885 | Snake:2  | Noticed Nikola
 24902 | Snake:2  | Killed Nikola
 25160 | Snake:2  | Found Gudyje's Distillery.
 25852 | Snake:3  | Reached skill level 10 in Dodging
 26855 | Snake:4  | Entered Level 4 of the Snake Pit
 26991 | Snake:4  | Reached XP level 16. HP: 160/162 MP: 21/21
 28194 | Snake:4  | Reached skill level 15 in Dodging
 28740 | Snake:4  | Got a serpentine rune of Zot
 29081 | Orc:2    | Bought a scroll of enchant armour for 135 gold pieces
 29103 | Orc:2    | Bought a scroll of enchant armour for 97 gold pieces
 29297 | Elf:1    | Identified the +5 scale mail of the Devil {rN+ Str-2 Dex+5}
 29302 | Elf:1    | Noticed a Tzitzimitl
 29304 | Elf:1    | Reached XP level 17. HP: 162/170 MP: 22/22
 29401 | Elf:1    | Paralysed by an air elemental for 1 turns
 29446 | Elf:1    | Reached skill level 10 in Armour
 29719 | Elf:1    | Found a runed translucent gate.
 29719 | Elf:1    | Found a runed translucent gate.
 29719 | Elf:1    | Found a runed translucent gate.
 29719 | Elf:1    | Found a runed translucent gate.
 29719 | Elf:1    | Found a runed translucent gate.
 29721 | Elf:1    | Found a runed translucent gate.
 30276 | Elf:2    | Reached skill level 15 in Shields
 30486 | Elf:2    | Got the Annotations on Noxious Mud
 30694 | Elf:2    | Found a runed translucent gate.
 30695 | Elf:2    | Found a runed translucent gate.
 30695 | Elf:2    | Found a runed translucent gate.
 30700 | Elf:2    | Noticed a deep elf blademaster
 30714 | Elf:2    | Killed a deep elf blademaster
 31154 | Elf:3    | Entered Level 3 of the Elven Halls
 31217 | Elf:3    | Identified the staff of poison "Cemanifu" {rPois Int-5
                  | Dex+3}
 31571 | Elf:3    | Noticed a Tzitzimitl
 31574 | Elf:3    | Noticed an Ice Fiend
 31579 | Elf:3    | Reached XP level 18. HP: 126/178 MP: 24/24
 31810 | Elf:3    | Reached skill level 10 in Invocations
 31954 | Elf:3    | Reached skill level 10 in Evocations
 32445 | Elf:3    | Identified the +2 morningstar "Dueptioq" {freeze, Fly rF+
                  | Int+4}
 32500 | Elf:3    | Identified the amulet of Paxiugiw {RegenMP Fragile rF+ rC++
                  | Dex+3}
 32529 | Elf:3    | Identified the +8 mace of Arrival {speed, rF+ rC++ rCorr
                  | Str-3}
 32529 | Elf:3    | Identified the +0 leather armour "Asomnoch" {Regen+ rCorr
                  | Int+3 Slay+2}
 32533 | Elf:3    | Identified the ring of Anorgh {rF+ rC+ Int+5}
 32579 | Elf:3    | Got the Folio of the Coruscating Flock
 32594 | Elf:3    | Identified the +8 plate armour of the Devil's Team {rElec
                  | SInv}
 32595 | Elf:3    | Identified the staff of conjuration "Agigach" {rN+}
 32597 | Elf:3    | Got the Catalogue of Disjunct Cold
 32626 | Elf:3    | Identified the +9 quarterstaff of Mukly {drain, rC+ rN+
                  | Str-3}
 32646 | Elf:3    | Got Mastery of Mysticism
 32662 | Elf:3    | Identified the staff of fire "Hoopoakh" {rElec rF+ rCorr
                  | Str+8 Dex-2}
 33041 | Shoals:1 | Entered Level 1 of the Shoals
 33138 | Shoals:1 | Noticed Frances
 33156 | Shoals:1 | Killed Frances
 33262 | Shoals:1 | Identified the +8 dagger "Imisoad" {flame, Int+3}
 33278 | Shoals:1 | Found Enaot's General Store.
 33560 | Shoals:1 | Noticed Mlioglotl
 33579 | Shoals:1 | Killed Mlioglotl
 34598 | Shoals:3 | Noticed Polyphemus
 34625 | Shoals:3 | Killed Polyphemus
 34626 | Shoals:3 | Reached XP level 19. HP: 185/185 MP: 26/26
 34748 | Shoals:3 | Noticed Donald
 34770 | Shoals:3 | Killed Donald
 34954 | Shoals:4 | Entered Level 4 of the Shoals
 35606 | Shoals:4 | Found Jualimiwk's Firing Range.
 35737 | Shoals:4 | Identified the staff of earth "Irpheott" {rElec rC+}
 35943 | Shoals:4 | Identified the +3 robe of Truth {rElec Will+}
 36027 | Shoals:4 | Got a barnacled rune of Zot
 36224 | D:11     | Found a runed translucent door.
 36255 | D:11     | Found a frozen archway.
 36272 | IceCv    | Entered an ice cave
 36601 | IceCv    | Got Kipsedd's Parchment of the Glacier
 36655 | IceCv    | Identified the +7 war axe "Exysch" {heavy, Dex+2}
 36888 | D:11     | Noticed Urug
 36898 | D:11     | Killed Urug
 37107 | D:11     | Found a runed translucent door.
 37121 | D:11     | Found a runed translucent door.
 37135 | D:11     | Found a runed translucent door.
 38447 | D:12     | You fall into a shaft and drop 2 floors!
 38452 | D:14     | Found a gate to the Vaults.
 38628 | D:14     | Found a runed translucent door.
 38636 | D:14     | Noticed Ejotwaer's ghost (journeyman MiFi)
 38642 | D:14     | Found a runed translucent door.
 39215 | D:14     | Killed Ejotwaer's ghost
 40163 | D:12     | Found a runed translucent door.
 40461 | D:15     | Entered Level 15 of the Dungeon
 40663 | D:15     | Reached XP level 20. HP: 204/204 MP: 28/28
 40720 | D:15     | Found a staircase to the Depths.
 40868 | D:15     | Found a shadowy altar of Dithmenos.
 41003 | Vaults:1 | Entered Level 1 of the Vaults
 41123 | Vaults:1 | Found a magical portal.
 41133 | WizLab   | Entered Wucad Mu's Monastery
 41500 | WizLab   | Found the crystal ball of Wucad Mu {*channel}
 42098 | Vaults:1 | Identified the +10 morningstar of the Fray {flame, rN+
                  | Int+4 Dex-2}
 42946 | Vaults:2 | Noticed Zenata
 43245 | Vaults:2 | Identified a scroll of acquirement
 43248 | Vaults:2 | Found Unluhah's Antique Weapon Emporium.
 43265 | Vaults:2 | Acquired a manual of Dodging
 43552 | Vaults:2 | Killed Zenata
 43766 | Vaults:2 | Noticed Bai Suzhen
 43776 | Vaults:2 | Killed Bai Suzhen
 44065 | Vaults:3 | Reached XP level 21. HP: 179/223 MP: 29/29
 44154 | Vaults:3 | Found Iweysy's Armour Shop.
 44163 | Vaults:3 | Reached skill level 27 in Fighting
 44247 | Vaults:3 | Found a flickering gateway to a bazaar.
 44258 | Bazaar   | Entered a bazaar
 44262 | Bazaar   | Found Denimaiw's Weapon Boutique.
 44296 | Bazaar   | Found Rinolod's Book Emporium.
 44328 | Bazaar   | Found Yqooma's Armour Boutique.
 44366 | Bazaar   | Found Mogiofoo's Distillery.
 44371 | Bazaar   | Bought a potion of heal wounds for 60 gold pieces
 44371 | Bazaar   | Bought a potion of curing for 36 gold pieces
 44371 | Bazaar   | Bought a potion of might for 48 gold pieces
 44449 | Bazaar   | Found Urud's Distillery.
 44454 | Bazaar   | Bought a potion of lignification for 27 gold pieces
 44454 | Bazaar   | Bought a potion of heal wounds for 45 gold pieces
 44454 | Bazaar   | Bought a potion of lignification for 27 gold pieces
 44454 | Bazaar   | Bought a potion of curing for 27 gold pieces
 44454 | Bazaar   | Bought a potion of curing for 27 gold pieces
 44454 | Bazaar   | Bought a potion of lignification for 27 gold pieces
 44454 | Bazaar   | Bought a potion of curing for 27 gold pieces
 44579 | Vaults:3 | Found a staircase to the Crypt.
 44827 | D:10     | You paid a toll of 16 potions of curing to enter a treasure
                  | trove
 44828 | Trove    | Entered a treasure trove
 44830 | Trove    | Found the +5 Storm Queen's Shield {shock, Fly rElec}
 44831 | Trove    | Found the +3 pair of gauntlets of War {Slay+5}
 44837 | Trove    | Identified the +0 crystal plate armour of Plasticity {rElec
                  | rF+ rC-}
 44841 | Trove    | Identified the +6 scale mail of Integrity {Regen+ Str+3}
 44845 | Trove    | Identified the +5 buckler of Fashionability {SInv}
 44846 | Trove    | Identified the +6 scale mail of Creativity {rC++}
 44847 | Trove    | Identified the scarf of Fortification {harm, rC++ MP+9}
 44858 | Trove    | Reached XP level 22. HP: 233/233 MP: 30/30
 46344 | Vaults:4 | Noticed Mara
 46347 | Vaults:4 | Noticed Joey1's illusion
 46356 | Vaults:4 | Noticed Joey1's illusion
 46356 | Vaults:4 | Killed Mara
 47045 | Vaults:5 | Entered Level 5 of the Vaults
 47121 | Vaults:5 | Reached XP level 23. HP: 175/240 MP: 31/31
 47123 | Vaults:5 | Identified the +8 battleaxe of Leal {freeze, rCorr Dex+2
                  | Stlth+}
 47457 | Vaults:5 | Paralysed by a floating eye for 4 turns
 47751 | Vaults:5 | Identified the +7 broad axe "Daugreal" {flame, rF+}
 47772 | Vaults:5 | Got the Meditations on Calefaction and the Graveyard
 47883 | Vaults:5 | Noticed Sojobo
 47890 | Vaults:5 | Killed Sojobo
 47990 | Vaults:5 | Got a silver rune of Zot
 47992 | Vaults:5 | Identified the +1 battleaxe of Weshracou {venom, rElec}
 48592 | Vaults:5 | Reached skill level 15 in Invocations
 48848 | Vaults:5 | Found the +27 heavy crossbow "Sniper" {heavy, Acc+∞ SInv}
 48959 | Vaults:5 | Identified the +2 short sword "Duts" {heavy, rF+ Will+}
 49174 | Depths:1 | Entered Level 1 of the Depths
 49198 | Depths:1 | Reached skill level 15 in Evocations
 49543 | Depths:1 | Found a gateway to Hell.
 49833 | Depths:1 | Reached skill level 15 in Armour
 50232 | Depths:2 | Paralysed by a floating eye for 3 turns
 50556 | Depths:2 | Found a corrupted altar of Lugonu.
 50556 | Depths:2 | Found a one-way gate to the infinite horrors of the Abyss.
 50678 | Depths:2 | Reached XP level 24. HP: 249/249 MP: 33/33
 50701 | Depths:2 | Identified the staff of poison "Othat" {rPois rF+ Int+3}
 50711 | Depths:2 | Identified the ring "Xeteacs" {Fly rPois Str+5 Int+6
                  | Slay-5}
 50712 | Depths:2 | Identified the ring of Meaduaj {rN+ Str+3}
 51043 | Depths:3 | Found a runed translucent door.
 51312 | Depths:3 | Identified the +3 pearl dragon scales "Zoosabec" {rPois rC+
                  | rN+}
 51397 | Depths:3 | Noticed Zoodd's ghost (adept FoFi)
 51441 | Depths:3 | Found a runed translucent gate.
 51441 | Depths:3 | Found a runed translucent gate.
 51441 | Depths:3 | Found a runed translucent gate.
 51658 | Depths:3 | Identified the ring of Division {rCorr Str+4 Int-3 Slay+5
                  | Stlth+}
 52172 | Depths:3 | Killed Zoodd's ghost
 52310 | Depths:4 | Entered Level 4 of the Depths
 52314 | Depths:4 | Found a radiant altar of Vehumet.
 52502 | Depths:4 | Found a one-way gateway to a ziggurat.
 52502 | Depths:4 | Noticed an ancient lich
 52581 | Depths:4 | Acquired the ring of Fech {rPois rC- Dex+8 Slay+4}
 52701 | Depths:4 | Noticed Boris
 52723 | Depths:4 | Killed Boris
 53001 | Depths:4 | Found a gate to the Realm of Zot.
 53010 | Zot:1    | Entered Level 1 of the Realm of Zot
 53111 | Zot:1    | Noticed a Killer Klown
 53111 | Zot:1    | Noticed an orb of fire
 53111 | Zot:1    | Noticed an orb of fire
 53117 | Zot:1    | Gained mutation: You have a pair of large horns on your
                  | head. [an orb of fire]
 53118 | Zot:1    | Killed a Killer Klown
 53121 | Zot:1    | Gained mutation: You are vulnerable to heat. (rF-) [an orb
                  | of fire]
 53121 | Zot:1    | Gained mutation: Your body sometimes deteriorates upon
                  | taking damage. [an orb of fire]
 53126 | Zot:1    | Gained mutation: You are dopey. (Int -2) [an orb of fire]
 53128 | Zot:1    | Killed an orb of fire
 53135 | Zot:1    | Killed an orb of fire
 53204 | Zot:2    | Noticed Grunn
 53223 | Zot:2    | Reached XP level 25. HP: 107/257 MP: 36/36
 53230 | Zot:2    | Killed Grunn
 53361 | Zot:1    | Lost mutation: Your body sometimes deteriorates upon taking
                  | damage. [potion of mutation]
 53361 | Zot:1    | Lost mutation: You are dopey. (Int -2) [potion of mutation]
 53361 | Zot:1    | Gained mutation: You do not regenerate when monsters are
                  | visible. [potion of mutation]
 53361 | Zot:1    | Gained mutation: You have hidden genetic potential. [potion
                  | of mutation]
 53362 | Zot:1    | Lost mutation: You have a pair of large horns on your head.
                  | [potion of mutation]
 53362 | Zot:1    | Lost mutation: You have hidden genetic potential. [potion
                  | of mutation]
 53362 | Zot:1    | Lost mutation: You do not regenerate when monsters are
                  | visible. [potion of mutation]
 53362 | Zot:1    | Gained mutation: Your magical capacity is low. (-10% MP)
                  | [potion of mutation]
 53362 | Zot:1    | Gained mutation: You possess an exceptional clarity of
                  | mind. [potion of mutation]
 53786 | Zot:2    | Acquired a manual of Axes
 54365 | Zot:2    | Identified the +1 trident of Bankruptcy {venom, Fragile
                  | rN++ Will+}
 54878 | Zot:5    | Entered Level 5 of the Realm of Zot
 55220 | Zot:5    | Noticed an orb of fire
 55230 | Zot:5    | Noticed a dread lich
 55239 | Zot:5    | Killed an orb of fire
 55245 | Zot:5    | Killed a dread lich
 55259 | Zot:5    | Noticed a Killer Klown
 55283 | Zot:5    | Killed a Killer Klown
 55402 | Zot:5    | Noticed a Killer Klown
 55406 | Zot:5    | Reached skill level 27 in Axes
 55414 | Zot:5    | Killed a Killer Klown
 55427 | Zot:5    | Noticed a dread lich
 55441 | Zot:5    | Killed a dread lich
 55489 | Zot:5    | Noticed an ancient lich
 55489 | Zot:5    | Noticed a dread lich
 55493 | Zot:5    | Noticed a Killer Klown
 55494 | Zot:5    | Noticed a Killer Klown
 55498 | Zot:5    | Noticed a dread lich
 55500 | Zot:5    | Killed an ancient lich
 55500 | Zot:5    | Killed a dread lich
 55501 | Zot:5    | Reached XP level 26. HP: 90/266 MP: 32/32
 55504 | Zot:5    | Noticed an ancient lich
 55507 | Zot:5    | Noticed an orb of fire
 55511 | Zot:5    | Killed a dread lich
 55514 | Zot:5    | Noticed a dread lich
 55516 | Zot:5    | Gained mutation: You are dopey. (Int -2) [an orb of fire]
 55518 | Zot:5    | Killed an orb of fire
 55520 | Zot:5    | Killed an ancient lich
 55527 | Zot:5    | Killed a dread lich
 55549 | Zot:5    | Got the Orb of Zot
 55686 | Zot:2    | Noticed Ukygriuj the pandemonium lord
 55722 | Zot:1    | Killed Ukygriuj the pandemonium lord
 55892 | Zot:1    | Noticed a seraph
 55904 | Zot:1    | Killed a seraph
 55989 | Zot:1    | Noticed Boris
 56001 | Zot:1    | Killed Boris
 56066 | Zot:1    | Noticed Reryn the pandemonium lord
 56067 | Zot:1    | Noticed Boris
 56074 | Zot:1    | Killed Reryn the pandemonium lord
 56077 | Zot:1    | Killed Boris
 56083 | Zot:1    | HP: 5/266 [Brimstone Fiend/damnation (29)]
 56200 | Depths:4 | Lost mutation: You are dopey. (Int -2) [a neqoxec]
 56597 | D:9      | Noticed Vemo the pandemonium lord
 56793 | D:$      | Escaped with the Orb!

Illustrated notes

Levels and vault maps discovered:
D:1:      nicolae_arrival_memento_mori, layout_loops_ring, minivault_4
D:2:      layout_basic
D:3:      layout_basic, hellmonk_ecumenical_altar_inner_sanctum,
          grunt_decor_mini_mirrors
D:4:      layout_rooms, cheibrodos_sewer_entry_bend, uniq_blork_the_orc
D:5:      layout_loops_ring, nicolae_overflow_quartered_altars,
          uniq_prince_ribbit1
D:6:      layout_loops_ring, mainiacjoe_overflow_chevrons,
          mainiacjoe_overflow_brackets, lemuel_round_altar,
          minmay_temple_entry_slanted, serial_shops, shop, minmay_mini_ossuary,
          uniq_menkaure, uniq_eustachio, uniq_duvessa
D:7:      layout_basic
D:8:      layout_loops_cross, pf_just_have_faith, nicolae_uskayaw_dance_studio,
          serial_shops, shop
D:9:      layout_stronghold, slow_altar_1, okawaru_metal_pillars_1_2,
          enter_bailey_3, uniq_gastronok
D:10:     minmay_stone_box, layout_irregular_city,
          mainiacjoe_overflow_large_starburst, lair_entry_dummy,
          zombieorc1_lemuel, enter_trove_2, serial_rivers,
          chequers_serial_rivers_micro_a, chequers_serial_rivers_micro_e,
          chequers_serial_rivers_micro_b, chequers_serial_rivers_small_b,
          chequers_serial_rivers_micro_b, serial_shops, nicolae_stop_n_shop_1
D:11:     minmay_razor_zed, layout_grid_maze, portal_ice_cave_entry_pillars_2,
          minmay_statue_crystal_thing, uniq_urug
D:12:     layout_stronghold, lightli_airlock
D:13:     layout_cave_pools
D:14:     layout_roguey, david_vaults_3, hangedman_abyss_or_decor_clamps,
          muffindrake_ghost_dual_entry, minivault_11,
          chequers_serial_rivers_micro_a
D:15:     grunt_enter_depths_hoard, layout_rooms, lemuel_coloured_pillars_altar
Temple:   kb_temple_of_zot
Lair:1:   layout_gridlike, infiniplex_staircase_pool
Lair:2:   nzn_winding_woodlands_small [nzn_winding_woodlands_5x15_split_checker,
          nzn_winding_woodlands_center_lodge, nzn_winding_woodlands_5x15_twine],
          layout_long_grid, minmay_shoals_entry_hut, uniq_nergalle
Lair:3:   layout_chaotic_city, minmay_snake_entry_six_corridors,
          minmay_hedge_maze, serial_bayou_pond_a
Lair:4:   layout_regular_city, slime_entry_1
Lair:5:   minmay_lair_end_enchanted_forest, layout_gridlike, enter_volcano_4,
          uniq_kirke
Shoals:1: layout_shoals, serial_shops, shop, uniq_mlioglotl, uniq_frances
Shoals:2: cheibrodos_shoals_baths, layout_shoals
Shoals:3: layout_shoals, uniq_polyphemus, uniq_donald
Shoals:4: shoals_end_grunt_ice, layout_shoals, nicolae_shop_firing_range
Snake:1:  layout_grid_shapes, minmay_shop_grove, uniq_aizul
Snake:2:  layout_gridlike, serial_bayou_lagoon_a, nicolae_take_the_stairs,
          grunt_megastairs_4, uniq_nikola
Snake:3:  layout_concentric_octagons, grunt_ministairs_14
Snake:4:  snake_pit_salamanders_mu, layout_gridlike, serial_corexii_hall,
          corexii_hall_statues_i, chequers_hall_statues_wall_a
Orc:1:    layout_diamond_mine, serial_shops, nicolae_shop_real_fake_doors,
          guppyfry_orc_lava_fort
Orc:2:    pf_orc_diabolical, layout_caves, basic_altar, serial_shops, shop,
          shop, nicolae_shop_drivethru, shop_fountains,
          nicolae_shop_getting_attention, nicolae_orc_bridge_out, uniq_jorgrun
Elf:1:    layout_geoelf_octagon, orc_legates, hangedman_elf_disciples
Elf:2:    nicolae_elf_blades_crystal_corner, layout_onion_city
Elf:3:    minmay_elf_hall_four_x, layout_geoelf_castle, due_unseen_surprise
Vaults:1: mu_enter_wizlab_6, v_rooms_2, v_misc_18, vaults_dpeg_hooks,
          vaults_mumra_hexcomb, nicolae_vaults_trapezoid_lopsided_3, v_misc_24,
          hangedman_vaults_cutoff, nicolae_vaults_tetromino_T_1,
          hangedman_vaults_nails, v_misc_24, layout_vaults_omnigrid
Vaults:2: vaults_mumra_chevron_long, nicolae_vaults_trapezoid_lopsided_3,
          v_misc_32, ontoclasm_vaults_idyll, nicolae_vaults_tetromino_L_1,
          nicolae_vaults_heist, nicolae_vaults_surprise_closet,
          layout_vaults_big_room, serial_shops, shop, uniq_bai_suzhen,
          uniq_zenata
Vaults:3: vaults_mumra_minichess, minmay_crypt_entry_simple_statues,
          nicolae_vaults_two_Ls, nicolae_vaults_mitosis,
          hangedman_vaults_corner, nicolae_vaults_network_barrier,
          nicolae_vaults_shipping_containers_7,
          nicolae_vaults_taking_the_gang_shopping,
          nicolae_vaults_heart-shaped_vault, nicolae_vaults_apartment_1,
          vaults_dpeg_encased_lava, nicolae_vaults_oval_intersection,
          layout_vaults_omnibox, serial_shops, bzr_firewalk
Vaults:4: nicolae_vaults_wine_cellar, hangedman_vaults_stream,
          hangedman_vaults_cutoff, dpeg_vaults_monster_row,
          nicolae_vaults_big_angled_halls, v_pattern_3,
          nicolae_vaults_apartment_2, v_misc_3, v_misc_23, vaults_dpeg_ring,
          nicolae_vaults_ring_of_whatevers, layout_vaults_omnicross, uniq_mara
Vaults:5: uniq_sojobo
Depths:1: layout_gridlike, serial_glass, glass_columns_b, glass_columns_c,
          glass_columns_a, glass_columns_c, hellmouth_3,
          nrook_kobold_shadow_demons
Depths:2: nicolae_cairo_tiling_very_big, layout_gridlike,
          rand_demon_pan_entry_8, hangedman_decor_riveting, serial_sigils,
          serial_sigils_hangedman_etch, serial_sigils_hangedman_leer,
          serial_sigils_hangedman_carve, abyss_entry_flame_altar, hell_entry,
          fake_guardian_serpent_vault, minmay_staircase_statues
Depths:3: minmay_spriggan_fort, layout_long_grid, hell_entry,
          serial_sigils_hangedman_scar, gammafunk_ghost_icy,
          grunt_pan_entry_in_and_out, abyss_entry, minmay_st_funbox
Depths:4: grunt_zot_entry_hairpin, layout_basic, enter_ziggurat_c,
          hangedman_coc_ice_floe, fiery_altar_vehumet, kennysheep_crisscross,
          uniq_boris
Zot:1:    grunt_deathspiral_small, layout_concentric_octagons,
          grunt_ministairs_14
Zot:2:    gammafunk_mikee_crab_dinner, layout_cathedral_of_symmetry, uniq_grunn
Zot:3:    layout_twisted_circle, nicolae_zot_crop_circle
Zot:4:    layout_misc_corridors, grunt_ministairs_12
Zot:5:    layout_basic, gammafunk_ghost_tricky_traps

Skill      XL: |  1  2  3  4  5  6  7  8  9 10 11 12 13 14 15 16 17 18 19 20 21 22 23 24 25 26 |
---------------+-------------------------------------------------------------------------------+-----
Dodging        | 1 2 4 6 13 15 18 20 21 | 21.0
Shields        | 4 6 8 10 12 15 17 21 | 21.3
Armour         | 4 6 9 12 13 15 | 15.0
Fighting       | 4 5 6 8 10 11 14 15 19 20 23 26 27 | 27.0
Axes           | 4 5 7 8 10 13 14 16 18 20 27 | 27.0
Invocations    | 6 8 9 11 12 13 15 20 | 20.0
Evocations     | 5 8 9 11 12 13 15 16 17 | 17.0

Action                     |  1- 3 |  4- 6 |  7- 9 | 10-12 | 13-15 | 16-18 | 19-21 | 22-24 | 25-27 || total
---------------------------+-------+-------+-------+-------+-------+-------+-------+-------+-------++-------
  Melee: War axe           |    83 |   155 |   161 |       |       |       |       |       |       ||   399
         Headbutt          |    15 |    21 |    69 |   179 |   276 |   346 |   397 |   410 |   216 ||  1929
         Hand axe          |       |       |   160 |   726 |   281 |       |       |       |       ||  1167
         Broad axe         |       |       |       |       |   710 |  1273 |  1342 |  1110 |   600 ||  5035
         Morningstar       |       |       |       |       |    66 |       |     4 |       |       ||    70
  Throw: Boomerang         |       |     1 |       |       |       |       |       |       |       ||     1
 Invoke: Bend Time         |       |       |       |       |     2 |       |       |       |     1 ||     3
  Evoke: Wand              |       |       |       |       |       |     1 |       |       |       ||     1
    Use: Scroll            |       |       |     4 |    11 |    16 |    15 |    10 |     3 |     2 ||    61
         Potion            |       |       |     1 |     1 |     7 |     1 |     1 |       |    15 ||    26
   Stab: Petrified         |       |       |       |       |       |     7 |       |       |       ||     7
         Petrifying        |       |       |       |       |       |     1 |       |       |     2 ||     3
         Distracted        |       |       |       |       |       |       |    21 |    13 |       ||    34
         Confused          |       |       |       |       |       |       |       |     1 |       ||     1
         Paralysed         |       |       |       |       |       |       |       |       |     3 ||     3
 Armour: Scale mail        |    31 |    59 |    78 |       |       |       |       |       |       ||   168
         Chain mail        |       |       |    40 |    57 |    68 |       |       |       |       ||   165
         Plate armour      |       |       |       |   153 |   307 |   201 |   224 |   119 |    96 ||  1100
         Skin              |       |       |       |       |       |       |       |       |     7 ||     7
  Dodge: Dodged            |    33 |    78 |   147 |   252 |   618 |   554 |   544 |   498 |   400 ||  3124
  Block: Buckler           |    22 |    33 |    59 |   124 |   414 |   106 |       |       |       ||   758
         Tower shield      |       |       |       |       |       |  1333 |  1665 |  1328 |   909 ||  5235
